 Dungeon Crawl Stone Soup version 0.27-a0-836-gfc908b8576 (webtiles) character file.

Game seed: 12794303593315562563

97 tilp the Skirmisher (level 4, -2/52 HPs)
             Began as an Ogre Warper on Apr 1, 2021.
             Was an Initiate of Nemelex Xobeh.
             Slain by an iguana (11 damage)
             ... on level 3 of the Dungeon.
             The game lasted 00:03:27 (2710 turns).

tilp the Skirmisher (Ogre Warper)                   Turns: 2710, Time: 00:03:28

Health: -2/52      AC:  3    Str: 15    XL:     4   Next: 68%
Magic:  7/7        EV:  9    Int: 18    God:    Nemelex Xobeh [......]
Gold:   56         SH:  0    Dex:  8    Spells: 5/7 levels left

rFire    . . .     SeeInvis .   a - +0 mace
rCold    . . .     Faith    +   (no shield)
rNeg     . . .     Spirit   .   b - +0 robe
rPois    .         Reflect  .   (helmet restricted)
rElec    .         Harm     .   (no cloak)
rCorr    .         Rampage  .   (gloves unavailable)
Will     +....                  (boots unavailable)
Stlth    +.........             j - amulet of faith
HPRegen  0.17/turn              e - ring "Vietoeh" {Will+ Int+3}
MPRegen  0.10/turn              (no ring)

@: no status effects
A: large, unfitting armour, tough skin 1
a: Renounce Religion, Draw Escape, Draw Destruction, Draw Summoning


You were on level 3 of the Dungeon.
You worshipped Nemelex Xobeh.
Nemelex Xobeh was noncommittal.
You visited 1 branch of the dungeon, and saw 3 of its levels.

You collected 56 gold pieces.

Inventory:

Hand Weapons
 a - a +0 mace (weapon)
Missiles
 h - 31 stones (quivered)
Armour
 b - a +0 robe (worn)
Jewellery
 e - the ring "Vietoeh" (left hand) {Will+ Int+3}
   (You acquired it on level 3 of the Dungeon)

   [ring of willpower]

   It affects your intelligence (+3).
   It increases your willpower.
 j - an amulet of faith (around neck)
Scrolls
 c - a scroll of teleportation
 d - a scroll of blinking
Potions
 f - a potion of mutation
 g - a potion of lignification {unknown}


   Skills:
 - Level 6.0 Fighting
 + Level 2.0 Maces & Flails
 - Level 1.0 Throwing
 - Level 2.1 Dodging
 + Level 0.4 Stealth
 - Level 2.4 Spellcasting
 - Level 2.6 Translocations


You had 5 spell levels left.
You knew the following spells:

 Your Spells              Type           Power      Damage    Failure   Level
a - Blink                 Tloc           N/A        N/A       9%          2

Your spell library contained the following spells:

 Spells                   Type           Power      Damage    Failure   Level
 Gell's Gravitas          Tloc           5%         N/A       17%         3
 Lesser Beckoning         Tloc           5%         N/A       17%         3
 Teleport Other           Tloc           11%        N/A       17%         3
 Manifold Assault         Tloc           11%        N/A       85%         5


Dungeon Overview and Level Annotations

Branches:
Dungeon (3/15)

Altars:
Nemelex Xobeh

Annotations:
D:2 dig vault, Sigmund


Innate Abilities, Weirdness & Mutations

You are too large for most types of armour.
You have tough skin. (AC +1)


Message History

Reactivating autopickup.
There is a stone staircase leading up here.
As you read the scroll labelled DIRIOCK LICOMP, it crumbles to dust.
It is a scroll of identify.
f - a potion of mutation This is a scroll of acquirement!
Something appears at your feet!
Unknown command.
e - the ring "Vietoeh" {Will+ Int+3} You feel clever.
e - the ring "Vietoeh" (left hand) {Will+ Int+3}
Found a stone staircase leading up.
An iguana comes into view.
The iguana hisses angrily.
You hit the iguana but do no damage. The iguana bites you. x2
You closely miss the iguana. The iguana barely misses you.
You hit the iguana.
The iguana is lightly wounded.
The iguana bites you!
You closely miss the iguana.
The iguana is lightly wounded.
The iguana bites you!
* * * LOW HITPOINT WARNING * * *
You hit the iguana.
The iguana is heavily wounded.
The iguana bites you.
* * * LOW HITPOINT WARNING * * *
The iguana barely misses you.
You barely miss the iguana.
The iguana is heavily wounded.
The iguana barely misses you.
You barely miss the iguana.
The iguana is heavily wounded.
The iguana bites you!
* * * LOW HITPOINT WARNING * * *
You hit the iguana.
The iguana is severely wounded.
The iguana bites you!
You die...
Your body disappears without a glow.

#### ######..
.<.##.# ##
##.##.##..###.
#.###.....<.......
#......##.##.##.#.
######.##..# #
#@###.# #l# .. #.#
### ... #.. ..#.
#.#. #.#..


You could see an iguana.

Vanquished Creatures
  An iguana (D:2)
  2 adders (D:2)
  A dart slug (D:2)
  3 bats
  7 endoplasms
  3 giant cockroaches
  2 hobgoblins (D:2)
  7 jackals (D:2)
  2 quokkas (D:1)
  9 ball pythons
  3 frilled lizards
  6 kobolds
46 creatures vanquished.

Notes
Turn   | Place    | Note
-------+----------+-------------------------------------------
     0 | D:1      | tilp the Ogre Warper began the quest for the Orb.
     0 | D:1      | Reached XP level 1. HP: 22/22 MP: 3/3
    51 | D:1      | Reached skill level 3 in Fighting
   226 | D:1      | Reached XP level 2. HP: 22/31 MP: 5/5
   469 | D:1      | Reached skill level 4 in Fighting
   604 | D:1      | Learned a level 2 spell: Blink
   939 | D:1      | Reached XP level 3. HP: 40/40 MP: 6/6
  1351 | D:2      | Noticed Sigmund
  1607 | D:2      | Found a faded altar of an unknown god.
  1620 | D:2      | Reached skill level 5 in Fighting
  1837 | D:2      | Reached XP level 4. HP: 38/52 MP: 7/7
  2213 | D:2      | Found a sparkling altar of Nemelex Xobeh.
  2226 | D:2      | Reached skill level 6 in Fighting
  2282 | D:2      | Became a worshipper of Nemelex Xobeh the Trickster
  2693 | D:3      | Identified a scroll of acquirement
  2693 | D:3      | Acquired the ring "Vietoeh" {Will+ Int+3}
  2710 | D:3      | Slain by an iguana

Illustrated notes

Levels and vault maps discovered:
D:1:      psy_arrival_basics, layout_loops_ring
D:2:      layout_basic, nicolae_overflow_crystal_walls,
          chequers_ecumenical_altar_simple, item_on_display_a, uniq_sigmund
D:3:      layout_loops_ring, lemuel_round_altar, portal_sewer_entry_a,
          serial_shops, shop_statue, trog_wizard

Skill      XL: |  1  2  3  4 |
---------------+-------------+-----
Fighting       | 3 4 5 6 |  6.0
Maces & Flails | 2 |  2.0
Throwing       | |  1.0
Dodging        | |  2.1
Stealth        | |  0.4
Spellcasting   | |  2.4
Translocations | |  2.6

Action                   |  1- 3 |  4- 6 || total
-------------------------+-------+-------++-------
Melee: Mace              |   124 |    39 ||   163
Throw: Boomerang         |     2 |     3 ||     5
       Stone             |     1 |       ||     1
 Cast: Blink             |     1 |     1 ||     2
  Use: Scroll            |       |     3 ||     3
Armor: Robe              |    42 |    14 ||    56
Dodge: Dodged            |    68 |    17 ||    85

Table legend: (Time is in decaauts)
 A = Elapsed time spent in this place.
 B = Non-inter-level travel time spent in this place.
 C = Inter-level travel time spent in this place.
 D = Time resting spent in this place.
 E = Time spent auto-exploring this place.
 F = Levels seen in this place.
 G = Mean time per level.
                   A        B        C        D        E       F      G
               +--------+--------+--------+--------+--------+-----+--------+
         Total |   2762 |   2656 |    106 |    851 |   1352 |   3 |  920.7 |
       Dungeon |   2762 |   2656 |    106 |    851 |   1352 |   3 |  920.7 |
               +--------+--------+--------+--------+--------+-----+--------+

Top non-repeatable levels by time:
     D:1: 1412 daAuts
     D:2: 1329 daAuts
     D:3: 20 daAuts
